 Dungeon Crawl Stone Soup version 0.25.1-4-g9407a263a5 (webtiles) character file.

Game seed: 10895338690104727458

84 Clowwww the Chopper (level 4, -9/34 HPs)
             Began as a Demonspawn Gladiator on Nov 28, 2020.
             Splashed by Ijyb's acid (11 damage)
             ... on level 3 of the Dungeon.
             The game lasted 00:04:42 (1799 turns).

Clowwww the Chopper (Demonspawn Gladiator)          Turns: 1799, Time: 00:04:44

Health: -9/34      AC:  6    Str: 15    XL:     4   Next: 23%
Magic:  0/4        EV: 10    Int: 10    God:
Gold:   45         SH:  0    Dex: 14    Spells: 3/3 levels left

rFire    + . .     SeeInvis .   a - +0 war axe
rCold    + . .     Gourm    .   (no shield)
rNeg     . . .     Faith    +   b - +0 leather armour
rPois    .         Spirit   +   c - +0 helmet
rElec    .         Reflect  .   j - scarf {rC+ rF+}
rCorr    .         Harm     .   (no gloves)
MR       .....                  (no boots)
Stlth    +.........             m - amulet of faith
HPRegen  0.11/turn              (no ring)
MPRegen  0.09/turn              (no ring)

@: corroded, sanguine armour, very heavily drained
A: magic shield, sanguine armour 1
a: no special abilities


You were on level 3 of the Dungeon.
You were not hungry.

You visited 1 branch of the dungeon, and saw 3 of its levels.

You collected 45 gold pieces.

Inventory:

Hand Weapons
 a - a +0 war axe (weapon)
Missiles
 d - 3 throwing nets (quivered)
Armour
 b - a +0 leather armour (worn)
 c - a +0 helmet (worn)
 j - a scarf of resistance (worn)
Jewellery
 m - an amulet of faith (around neck)
Scrolls
 e - 4 scrolls of identify {unknown}
 k - a scroll of random uselessness {unknown}
 l - a scroll of remove curse {unknown}
Potions
 g - a potion of haste {unknown}
 h - a potion of brilliance {unknown}
 i - 3 potions of curing {unknown}
 o - 2 potions of might {unknown}
Comestibles
 f - 6 rations


   Skills:
 + Level 2.4(0.0) Fighting
 + Level 3.6(0.1) Axes
 + Level 1.9(0.0) Throwing
 + Level 0.8(0.0) Armour
 + Level 3.2(0.0) Dodging
 + Level 0.7(0.0) Stealth


You had 3 spell levels left.
You didn't know any spells.
Your spell library was empty.

Dungeon Overview and Level Annotations

Branches:
Dungeon (3/15)

Altars:
Dithmenos
Sif Muna
Wu Jian
Zin

Annotations:
D:3 Ijyb


Innate Abilities, Weirdness & Mutations

When hurt, damage is shared between your health and your magic reserves.
When seriously injured, your bleeding wounds create armour. (AC +6)


Message History

Ijyb is severely wounded.
Ijyb barely misses you.
You hit Ijyb.
Ijyb is almost dead.
Ijyb hits you with a +2 dagger of draining.
* * * LOW HITPOINT WARNING * * *
You feel drained.
Ijyb hits you with a +2 dagger of draining.
* * * LOW HITPOINT WARNING * * *
You feel drained.
You closely miss Ijyb.
Ijyb is almost dead.
Ijyb hits you but does no damage.
You feel drained.
You barely miss Ijyb.
Ijyb is almost dead.
Ijyb zaps a wand.
The bolt of acid misses you.
Ijyb zaps a wand.
The bolt of acid hits you!
* * * LOW HITPOINT WARNING * * *
The acid corrodes you!
You are splashed with acid!
You die...

#...g.#.#......#........#
#.#.....#.....##........#
+.#.#.#.####..##........#
#
#.#.#.#.##.....#########
#.#.#.#.....#### #.....
#.#.#.#.......# #.####
######.#.#g#.....#.# #.#
#........#.#.#...#.# #.#
...####.###.#@#####.# #.#
#.###wg.......# #.#
#.....#.###########.#
#####+#.# #.........#
#.....# ###########
+.....# #.....# #.....#
#.....#


You could see Ijyb and a dart slug.

Vanquished Creatures
  3 adders (D:2)
  2 dart slugs
  A leopard gecko (D:2)
  2 giant cockroaches (D:3)
  5 goblins
  3 hobgoblins
  7 jackals
  5 kobolds
  A quokka (D:3)
  7 bats
  4 frilled lizards
  13 rats
53 creatures vanquished.

Notes
Turn   | Place    | Note
-------+----------+-------------------------------------------
     0 | D:1      | Clowwww the Demonspawn Gladiator began the quest for the
                  | Orb.
     0 | D:1      | Reached XP level 1. HP: 16/16 MP: 1/1
   144 | D:1      | Gained mutation: When hurt, damage is shared between your
                  | health and your magic reserves. [demonic ancestry]
   144 | D:1      | Reached XP level 2. HP: 21/22 MP: 2/2
   781 | D:2      | Gained mutation: When seriously injured, your bleeding
                  | wounds create armour. (AC +6) [demonic ancestry]
   781 | D:2      | Reached XP level 3. HP: 19/27 MP: 3/3
   922 | D:2      | Found an ornate altar of the Wu Jian Council.
  1209 | D:2      | Found a shimmering blue altar of Sif Muna.
  1268 | D:2      | Found a shadowy altar of Dithmenos.
  1268 | D:2      | Found a glowing silver altar of Zin.
  1298 | D:2      | Reached XP level 4. HP: 30/34 MP: 2/4
  1769 | D:3      | Noticed Ijyb
  1799 | D:3      | Splashed by Ijyb's acid

Illustrated notes

Levels and vault maps discovered:
D:1:      sevenhm_arrival_forest_fort_large_4, layout_loops_ring
D:2:      layout_rooms, nicolae_overflow_hidden_temple, lemuel_crystal_altar,
          gammafunk_temple_overflow_elements
D:3:      minmay_diamond_boxcup, layout_basic, lemuel_crystal_altar,
          first_ration, uniq_ijyb

Skill      XL: |  1  2 |
---------------+-------+-----
Dodging        | 3 |  3.2
Axes           | 3 |  3.6
Fighting       | |  2.4
Throwing       | |  1.9
Armour         | |  0.8
Stealth        | |  0.7

Action                   |  1- 3 |  4- 6 || total
-------------------------+-------+-------++-------
Melee: War axe           |   111 |    31 ||   142
 Stab: Sleeping          |     1 |       ||     1
  Eat: Chunk             |     1 |     2 ||     3
Armor: Leather armour    |    33 |    14 ||    47
Dodge: Dodged            |    92 |    18 ||   110
